 Dungeon Crawl Stone Soup version 0.26-a0-774-g1415c89e12 (webtiles) character file.

Game seed: 3918530484878599693

17 Conn the Firebug (level 2, -1/17 HPs)
             Began as an Octopode Fire Elementalist on Nov 9, 2020.
             Slain by a jackal (2 damage)
             ... on level 1 of the Dungeon.
             The game lasted 00:01:49 (390 turns).

Conn the Firebug (Octopode Fire Elementalist)        Turns: 390, Time: 00:01:50

Health: -1/17      AC:  1    Str:  7    XL:     2   Next: 62%
Magic:  0/5        EV: 13    Int: 17    God:
Gold:   54         SH:  0    Dex: 12    Spells: 4/5 levels left

rFire    . . .     SeeInvis .   (no weapon)
rCold    . . .     Faith    .   (no shield)
rNeg     . . .     Spirit   .   (helmet restricted)
rPois    .         Reflect  .   (no amulet)
rElec    .         Harm     .   (no ring)
rCorr    .         Rampage  .   (no ring)
MR       .....                  (no ring)
Stlth    +++.......             (no ring)
HPRegen  0.05/turn              (no ring)
MPRegen  0.09/turn              (no ring)
                                (no ring)
                                (no ring)

@: brilliant
A: almost no armour, stealthy swim, amphibious, 8 rings, constrict 8, camouflage
1, gelatinous body 1
a: no special abilities


You were on level 1 of the Dungeon.
You visited 1 branch of the dungeon, and saw 1 of its levels.

You collected 54 gold pieces.

You aren't carrying anything.


   Skills:
 + Level 2.1 Dodging
 + Level 3.1 Stealth
 + Level 2.0 Spellcasting
 + Level 1.1 Conjurations
 + Level 3.5 Fire Magic


You had 4 spell levels left.
You knew the following spells:

 Your Spells              Type           Power        Failure   Level
a - Foxfire               Conj/Fire      ##..         8%          1

Your spell library contained the following spells:

 Spells                   Type           Power        Failure   Level
 Conjure Flame            Conj/Fire      ##......     22%         3
 Inner Flame              Hex/Fire       ##......     28%         3
 Sticky Flame             Conj/Fire      ##......     58%         4
 Fireball                 Conj/Fire      ##........   90%         5


Dungeon Overview and Level Annotations

Branches:
Dungeon (1/15)

Altars:


Innate Abilities, Weirdness & Mutations

You cannot wear most types of armour.
You are very stealthy in the water. (Stealth+)
You are amphibious.
You can wear up to eight rings at the same time.
You can use your tentacles to constrict eight enemies at once.
Your skin changes colour to match your surroundings (Stealth+).
Your rubbery body absorbs attacks. (AC +1, EV +1)


Message History

You feel a surge of power!
Nothing appears to happen.
You constrict the dart slug.
You constrict the jackal, but do no damage.
The jackal barely misses you. The dart slug closely misses you.
You constrict the dart slug. You constrict the jackal.
You kill the jackal!
The jackal closely misses you.
Unknown command.
Unknown command.
Unknown command.
You tentacle-slap the dart slug but do no damage.
The dart slug is heavily wounded.
You constrict the dart slug. The jackal closely misses you.
The dart slug closely misses you.
Unknown command.
Casting: Foxfire (safe; 8% risk of failure)
Confirm with . or Enter, or press ? or * to list all spells.
You feel a surge of power!
Nothing appears to happen.
You constrict the dart slug. The jackal bites you.
You die...

*,........# *,,, *.........#
*****>,, #........$#
**,,,,,,, #........h####
*,,,**,,, #........h†l.#***
**,*,*****
#.........##....#**,,,,,****
#.........#***#.$,,,,*,,,,,,
#........l#####..#*,,,,,,,,,
*#.......hh@w....#**,,,,*,,*
##.....########.$#*,,,,,,**
#........# **,**,,,,,***
#........## *,,,,,,,**,,
#.....##..### ****,,,**,**
#....)......# **,,,**.**
#..........)###*,,,,**.*
#..............,,**,##.###
#..............,,,,,#.##..


You could see a dart slug, a leopard gecko and 2 jackals.

Vanquished Creatures
  A leopard gecko (D:1)
  3 hobgoblins (D:1)
  2 jackals (D:1)
  3 kobolds (D:1)
  4 bats (D:1)
  2 frilled lizards (D:1)
  A goblin (D:1)
16 creatures vanquished.

Vanquished Creatures (others)
  36 foxfires (D:1)
36 creatures vanquished.

Grand Total: 52 creatures vanquished

Notes
Turn   | Place    | Note
-------+----------+-------------------------------------------
     0 | D:1      | Conn the Octopode Fire Elementalist began the quest for the
                  | Orb.
     0 | D:1      | Reached XP level 1. HP: 11/11 MP: 3/3
   155 | D:1      | Reached XP level 2. HP: 16/17 MP: 0/5
   390 | D:1      | Slain by a jackal

Illustrated notes

Levels and vault maps discovered:
D:1:      dpeg_arrival_morbid_curiosity, layout_rooms

Skill      XL: |  1 |
---------------+----+-----
Stealth        | 3 |  3.1
Dodging        | |  2.1
Spellcasting   | |  2.0
Conjurations   | |  1.1
Fire Magic     | |  3.5

Action                   || total
-------------------------++-------
Melee: Unarmed           ||     8
       Constrict         ||     4
       Tentacles         ||     1
 Cast: Foxfire           ||    25
  Use: Scroll            ||     3
       Potion            ||     1
Armor: Skin              ||     6
Dodge: Dodged            ||    22

Table legend: (Time is in decaauts)
 A = Elapsed time spent in this place.
 B = Non-inter-level travel time spent in this place.
 C = Inter-level travel time spent in this place.
 D = Time resting spent in this place.
 E = Time spent auto-exploring this place.
 F = Levels seen in this place.
 G = Mean time per level.
                   A        B        C        D        E       F      G
               +--------+--------+--------+--------+--------+-----+--------+
         Total |    390 |    390 |      0 |     45 |    189 |   1 |  390.0 |
       Dungeon |    390 |    390 |      0 |     45 |    189 |   1 |  390.0 |
               +--------+--------+--------+--------+--------+-----+--------+

Top non-repeatable levels by time:
     D:1: 390 daAuts
